 Dungeon Crawl Stone Soup version 0.23.2-33-g5129a83184 (webtiles) character file.

Game seed: 3357422360993283544

373 H0rd4k the Magician (level 6, -11/32 HPs)
             Began as a Deep Elf Wizard on July 8, 2019.
             Mangled by Menkaure (21 damage)
             ... on level 5 of the Dungeon.
             The game lasted 00:12:17 (4746 turns).

H0rd4k the Magician (Deep Elf Wizard)               Turns: 4746, Time: 00:12:18

Health: -11/32     AC:  4    Str:  4    XL:     6   Next: 43%
Magic:  11/18      EV: 13    Int: 25    God:
Gold:   278        SH:  0    Dex: 13    Spells: 10/20 levels left

rFire    . . .     SeeInvis .   (no weapon)
rCold    . . .     Gourm    .   (no shield)
rNeg     . . .     Faith    .   a - +0 robe
rPois    .         Spirit   .   r - +1 helmet
rElec    .         Reflect  .   (no cloak)
rCorr    .         Harm     .   (no gloves)
MR       .....                  (no boots)
Stlth    ++........             (no amulet)
HPRegen  0.10/turn              (no ring)
MPRegen  0.16/turn              (no ring)

@: no status effects
A: no striking features
a: no special abilities


You were on level 5 of the Dungeon.
You were not hungry.

You visited 1 branch of the dungeon, and saw 5 of its levels.

You collected 278 gold pieces.

Inventory:

Hand Weapons
 g - a +4 dagger
 k - a +1 dagger of venom
Missiles
 e - 129 stones (quivered)
Armour
 a - a +0 robe (worn)
 b - a +1 hat
 r - a +1 helmet (worn)
Wands
 u - a wand of clouds (5)
Scrolls
 l - a scroll of amnesia
 n - a scroll of remove curse
 o - 2 scrolls of identify
 t - 5 scrolls of teleportation
Potions
 f - a potion of resistance {unknown}
 h - 3 potions of haste
 i - 3 potions of lignification {unknown}
 j - a potion of invisibility {unknown}
 m - a potion of agility {unknown}
 p - 3 potions of ambrosia {unknown}
 q - 4 potions of curing {unknown}
Comestibles
 c - 4 chunks of flesh
 d - 9 rations


   Skills:
 + Level 3.1 Dodging
 + Level 3.7 Stealth
 + Level 7.6 Spellcasting
 + Level 3.7 Conjurations
   Level 1.1 Summonings
 + Level 1.2 Translocations
 + Level 1.1 Fire Magic


You had 10 spell levels left.
You knew the following spells:

 Your Spells              Type           Power        Failure   Level  Hunger
a - Magic Dart            Conj           ####         1%          1    None
b - Blink                 Tloc           N/A          5%          2    None
c - Conjure Flame         Conj/Fire      ###.....     7%          3    None
d - Confusing Touch       Hex            #.....       6%          1    None
e - Gell's Gravitas       Tloc           ###.......   11%         3    None

Your spell library contained the following spells:

 Spells                   Type           Power        Failure   Level  Hunger
 Call Imp                 Summ           ###.....     6%          2    None
 Slow                     Hex            #.......     10%         2    None
 Mephitic Cloud           Conj/Pois/Air  ###.....     12%         3    None
 Confuse                  Hex            #.......     19%         3    None
 Petrify                  Tmut/Erth      #.......     54%         4    ##.....
 Metabolic Englaciation   Hex/Ice        #.........   87%         5    #####..
 Yara's Violent Unravell  Hex/Tmut       #.........   87%         5    #####..


Dungeon Overview and Level Annotations

Branches:
Dungeon (5/15)
 Temple: D:4-7

Altars:
Hepliaklqana
Makhleb
Trog
Uskayaw
Xom

Annotations:
D:2 exclusion: downstairs
D:3 Sigmund
D:4 exclusion: downstairs, Dowan
D:5 exclusion: centaur, Menkaure


Message History

The magic dart hits Menkaure.
Menkaure is severely damaged.
Casting: Magic Dart (safe; 1% risk of failure)
Confirm with . or Enter, or press ? or * to list all spells.
Aiming: Magic Dart (safe; 1% risk of failure)
Press: ? - help, Shift-Dir - straight line, f/p - Menkaure
Aim: Menkaure (severely damaged)
The magic dart hits Menkaure.
Menkaure is severely damaged.
Casting: Magic Dart (safe; 1% risk of failure)
Confirm with . or Enter, or press ? or * to list all spells.
Aiming: Magic Dart (safe; 1% risk of failure)
Press: ? - help, Shift-Dir - straight line, f/p - Menkaure
Aim: Menkaure (severely damaged)
The magic dart hits Menkaure but does no damage.
Menkaure is severely damaged.
Menkaure forgets how to speak, silenced by the ages.
Menkaure hits you!!
Ouch! That really hurt!
You die...

### #..## #### ##....#
##... .......###
#######.... .........###
#....##.... ...........#
#.....#...#
#..........###.....##..#
##...........#.#.......#
......M@.#.##...........
......#<†#.[#...........
....####....÷..........#
..... #.....##.........
##.... #.#..###.........
....##.###.##......###
.....#..............#
#...##......<....### #
#...............#


You could see Menkaure.

Vanquished Creatures
  A bullfrog zombie (D:5)
  An orc wizard (D:4)
  A jelly (D:5)
  An iguana (D:4)
  A worker ant (D:4)
  3 gnolls (D:5)
  9 adders
  4 oozes
  An adder skeleton (D:4)
  A worm (D:2)
  8 leopard geckos
  4 orcs
  6 giant cockroaches
  6 goblins
  6 hobgoblins
  8 jackals
  7 kobolds
  6 quokkas
  2 ball pythons
  9 bats
  2 frilled lizards
  4 rats
91 creatures vanquished.

Notes
Turn   | Place    | Note
-------+----------+-------------------------------------------
     0 | D:1      | H0rd4k the Deep Elf Wizard began the quest for the Orb.
     0 | D:1      | Reached XP level 1. HP: 10/10 MP: 7/7
   186 | D:1      | Reached skill level 5 in Spellcasting
   210 | D:1      | Reached XP level 2. HP: 15/15 MP: 2/10
   609 | D:2      | Learned a level 2 spell: Blink
   748 | D:2      | Learned a level 1 spell: Confusing Touch
   936 | D:2      | Reached XP level 3. HP: 14/19 MP: 2/12
   941 | D:2      | Learned a level 3 spell: Conjure Flame
   945 | D:2      | Learned a level 3 spell: Gell's Gravitas
  1581 | D:2      | Found a hide-covered altar of Uskayaw.
  1584 | D:2      | Noticed a +0 dagger
  1584 | D:2      | Noticed a +0 dagger
  1718 | D:3      | Reached skill level 6 in Spellcasting
  1718 | D:3      | Reached XP level 4. HP: 24/24 MP: 10/14
  2148 | D:3      | Found a bloodstained altar of Trog.
  2212 | D:3      | Reached skill level 1 in Fire Magic
  2313 | D:3      | Found a hazy altar of Hepliaklqana.
  2362 | D:3      | Reached XP level 5. HP: 28/28 MP: 11/15
  2368 | D:3      | Found a burning altar of Makhleb.
  2368 | D:3      | Found a shimmering altar of Xom.
  2654 | D:3      | Noticed Sigmund
  3261 | D:4      | Found a burning altar of Makhleb.
  3263 | D:4      | Noticed a green death
  3438 | D:4      | Found a bloodstained altar of Trog.
  3617 | D:4      | Noticed Dowan
  3726 | D:5      | Entered Level 5 of the Dungeon
  3726 | D:5      | Noticed an ogre
  3884 | D:4      | Reached skill level 7 in Spellcasting
  4002 | D:5      | Noticed a centaur
  4020 | D:5      | Reached XP level 6. HP: 32/32 MP: 14/18
  4625 | D:5      | Noticed Menkaure
  4746 | D:5      | Mangled by Menkaure

Skill      XL: |  1  2  3  4  5 |
---------------+----------------+-----
Spellcasting   | 5 6 7 |  7.6
Conjurations   | 2 3 |  3.7
Fire Magic     | 1 |  1.1
Stealth        | 3 |  3.7
Dodging        | 3 |  3.1
Summonings     | |  1.1
Translocations | |  1.2

Action                   |  1- 3 |  4- 6 || total
-------------------------+-------+-------++-------
 Cast: Magic Dart        |   113 |   178 ||   291
       Blink             |       |     6 ||     6
       Conjure Flame     |       |     4 ||     4
  Use: Scroll            |       |     7 ||     7
  Eat: Chunk             |     2 |     6 ||     8
       Ration            |       |     1 ||     1
Armor: Robe              |     2 |    19 ||    21
Dodge: Dodged            |    11 |    51 ||    62
